 Dungeon Crawl Stone Soup version 0.31.0-12-g77e489cdc1 (webtiles) character file.

Game seed: 2263186107433097154

65 spaghetti the Shooter (level 4, -3/39 HPs)
             Began as a Naga Hunter on Feb 18, 2024.
             Slain by a ribbon worm (5 damage)
             ... on level 2 of the Dungeon.
             The game lasted 00:01:05 (881 turns).

spaghetti the Shooter (Naga Hunter)                  Turns: 881, Time: 00:01:06

Health: -3/39      AC:  2    Str: 14    XL:     4   Next: 14%
Magic:  4/4        EV:  9    Int:  9    God:
Gold:   72         SH:  4    Dex: 16    Spells: 3/3 levels left

rFire   . . .        a - +0 shortbow
rCold   . . .        (shield currently unavailable)
rNeg    . . .        c - +0 leather armour
rPois   +            (no helmet)
rElec   .            (no cloak)
rCorr   .            (no gloves)
SInv    +            (no barding)
Will    +....        (no amulet)
Stlth   ++           (no ring)
HPRegen 0.26/turn    (no ring)
MPRegen 0.09/turn

%: clarity
@: lethally poisoned (-3 -> -4), very slow
A: AC +1, large, see invisible, deformed body, poison resistance, slowness 2,
spit poison 1, naga tail 1, large bone plates 1, clarity, strong-willed 1,
screaming 1
a: Spit Poison


You were on level 2 of the Dungeon.
You visited 1 branch of the dungeon, and saw 2 of its levels.

You collected 72 gold pieces.

Inventory:

Hand Weapons
 a - a +0 shortbow (weapon)
Armour
 c - a +0 leather armour (worn)
Scrolls
 b - a scroll of butterflies
 e - 2 scrolls of teleportation {unknown}
 f - a scroll of amnesia {unknown}
 g - a scroll of fog {unknown}


   Skills:
 - Level 2.0 Fighting
 + Level 5.1 Ranged Weapons
 - Level 1.5 Dodging
 - Level 1.5 Stealth


You had 3 spell levels left.
You didn't know any spells.
Your spell library was empty.

Dungeon Overview and Level Annotations

Branches:
Dungeon (2/15)

Altars:


Innate Abilities, Weirdness & Mutations

Your serpentine skin is tough. (AC +1)
You have supernaturally acute eyesight. (SInv)
Armour fits poorly on your strangely shaped body.
Your system is resistant to poisons. (rPois)
You cover ground very slowly.
You can spit poison.
You have a snake-like lower body.
You are partially covered in large bone plates. (SH +4)
You possess an exceptional clarity of mind.
You are strong-willed. (Will+)
You occasionally shout uncontrollably at your foes.


Message History

* * * LOW HITPOINT WARNING * * *
It was a potion of mutation.
You feel extremely strange.
You feel the urge to shout.
You feel strong-willed.
Large bone plates grow over parts of your arms.
Your thoughts seem clearer.
* * * LOW HITPOINT WARNING * * *
You feel sick. The adder bites you.
* * * LOW HITPOINT WARNING * * *
You can't do that yet.
Unknown command.
Unknown command.
Unknown command.
Unknown command.
You aren't carrying any potions.
You shoot an arrow. The arrow hits the adder.
You kill the adder!
* * * LOW HITPOINT WARNING * * *
You feel sick.
Your Ranged Weapons skill increases to level 5!
You have reached level 4!
You feel stronger.
Unknown command.
You shoot an arrow. The arrow hits the ribbon worm.
The ribbon worm is moderately wounded.
You have got your breath back.
* * * LOW HITPOINT WARNING * * *
You feel sick.
You shoot an arrow. The arrow hits the ribbon worm!
The ribbon worm is severely wounded.
* * * LOW HITPOINT WARNING * * *
You feel sick. The ribbon worm completely misses you.
Unknown command.
Unknown command.
Unknown command.
You shoot an arrow.
The arrow barely misses the ribbon worm.
The arrow hits the giant cockroach but does no damage.
* * * LOW HITPOINT WARNING * * *
You feel sick. The ribbon worm bites you.
You die...

...##.. .# .
.....# #.# ..
.....#... #..
....#.# .. ......
#.##...###.#
#.B........#
#######.#######
.......rBw@...# ##
#######.#####.#
.######
#.#####'#+#.......
#.##..............
#.##..............
..##....†)†....#
####.....<.....#
..................
..................


You could see a ribbon worm, a giant cockroach and a rat.

Vanquished Creatures
  3 adders (D:2)
  A dart slug (D:1)
  5 bats (D:1)
  4 endoplasms (D:1)
  2 giant cockroaches (D:1)
  2 goblins
  2 hobgoblins (D:1)
  2 jackals (D:1)
  A quokka (D:1)
  3 ball pythons (D:1)
  A frilled lizard (D:1)
  7 kobolds (D:1)
  2 rats
35 creatures vanquished.

Vanquished Creatures (others)
  An endoplasm (D:1)
  2 frilled lizards (D:1)
3 creatures vanquished.

Grand Total: 38 creatures vanquished

Notes
Turn   | Place    | Note
-------+----------+-------------------------------------------
     0 | D:1      | spaghetti the Naga Hunter began the quest for the Orb.
     0 | D:1      | Reached XP level 1. HP: 19/19 MP: 1/1
    85 | D:1      | Reached skill level 4 in Ranged Weapons
    85 | D:1      | Reached XP level 2. HP: 26/26 MP: 2/2
   258 | D:1      | Reached XP level 3. HP: 32/32 MP: 3/3
   877 | D:2      | Gained mutation: You occasionally shout uncontrollably at
                  | your foes. [potion of mutation]
   877 | D:2      | Gained mutation: You are strong-willed. (Will+) [potion of
                  | mutation]
   877 | D:2      | Gained mutation: You are partially covered in large bone
                  | plates. (SH +4) [potion of mutation]
   877 | D:2      | Gained mutation: You possess an exceptional clarity of
                  | mind. [potion of mutation]
   879 | D:2      | Reached skill level 5 in Ranged Weapons
   879 | D:2      | Reached XP level 4. HP: 4/39 MP: 4/4
   881 | D:2      | Slain by a ribbon worm

Illustrated notes

Levels and vault maps discovered:
D:1:      amcnicky_arrival_underground_garden, layout_basic, st_stairs_12,
          lemuel_flame_loot_1
D:2:      layout_basic, uniq_robin

Skill      XL: |  1  2  3 |
---------------+----------+-----
Ranged Weapons | 4 5 |  5.1
Fighting       | |  2.0
Dodging        | |  1.5
Stealth        | |  1.5

Action                     |  1- 3 |  4- 6 || total
---------------------------+-------+-------++-------
   Fire: Shortbow          |   102 |     3 ||   105
Ability: Spit Poison       |     2 |       ||     2
    Use: Potion            |     3 |       ||     3
 Armour: Leather armour    |    38 |     1 ||    39
  Dodge: Dodged            |    22 |     1 ||    23
